 Dungeon Crawl Stone Soup version 0.32-a0-12-g7fc57aa741 (webtiles) character file.

Game seed: 12319947033560249339

216 jjjjhere the Ruffian (level 5, -3/37 HPs)
             Began as a Demonspawn Shapeshifter on Jan 15, 2024.
             Slain by an iguana (12 damage)
             ... on level 4 of the Dungeon.
             The game lasted 00:04:04 (2453 turns).

jjjjhere the Ruffian (Demonspawn Shapeshifter)      Turns: 2453, Time: 00:04:05

Health: -3/37      AC:  8    Str: 16    XL:     5   Next: 61%
Magic:  5/5        EV:  8    Int: 11    God:
Gold:   107        SH:  0    Dex: 12    Spells: 4/4 levels left

rFire   . .          .
                       - Unarmed
rCold   . . .        (no shield)
rNeg    . . .        s - +0 chain mail
rPois   +            (helmet currently unavailable)
rElec   .            (cloak currently unavailable)
rCorr   .            (gloves currently unavailable)
SInv    .            (boots currently unavailable)
Will    .....        (no amulet) Stlth
                     o - ring of poison resistance
HPRegen 0.26/turn    (no ring)
MPRegen 0.09/turn

%: no passive effects
@: beast-form
A: beast (slay +2), powered by death 1, sturdy frame 1
a: Begin Untransformation


You were on level 4 of the Dungeon.
You were a hulking beast.
You visited 1 branch of the dungeon, and saw 5 of its levels.

You collected 107 gold pieces.

Inventory:

Missiles
 k - a stone (quivered)
Armour
 a - a +0 animal skin
 s - a +0 chain mail (worn)
Jewellery
 n - an amulet of faith
 o - a ring of poison resistance (left hand)
Talismans
 c - a beast talisman
 d - a flux talisman
Wands
 b - a wand of quicksilver (6)
 r - a wand of flame (19)
Scrolls
 f - 2 scrolls of amnesia {unknown}
 g - 2 scrolls of identify {unknown}
 i - a scroll of butterflies {unknown}
 j - a scroll of poison {unknown}
 l - a scroll of enchant weapon {unknown}
 p - a scroll of teleportation {unknown}
 q - a scroll of fog {unknown}
 t - a scroll of blinking {unknown}
Potions
 e - 2 potions of heal wounds {unknown}
 h - 3 potions of curing {unknown}
 m - 2 potions of ambrosia {unknown}


   Skills:
 - Level 1.0 Fighting
 - Level 1.7 Dodging
 + Level 4.5 Unarmed Combat
 + Level 4.2 Shapeshifting


You had 4 spell levels left.
You didn't know any spells.
Your spell library was empty.

Dungeon Overview and Level Annotations

Branches:
Dungeon (5/15)
 Temple: D:4-7

Altars:
Hepliaklqana

Shops:
D:3 =


Innate Abilities, Weirdness & Mutations

You are a hulking beast.
Your limbs bulge with bestial killing power. (Slay +2)
You regenerate a little health from kills.
Your movements are slightly less encumbered by armour. (ER -2)


Message History

The adder bites you but does no damage.
The iguana bites you but does no damage.
You hit the adder.
The adder is lightly wounded.
The adder misses you. The adder barely misses you.
You hit the adder.
The adder is heavily wounded.
The iguana bites you! The adder bites you but does no damage.
You miss the adder.
The adder is heavily wounded.
The iguana closely misses you. The adder bites you but does no damage.
You closely miss the adder.
The adder is moderately wounded.
The adder bites you.
The iguana bites you but does no damage.
You closely miss the adder. Your punch misses the adder.
The adder is moderately wounded.
The adder completely misses you. The iguana bites you!
You barely miss the adder.
The adder is moderately wounded.
The adder completely misses you. The iguana bites you.
The adder bites you but does no damage.
You hit the adder.
The adder is almost dead.
The iguana bites you but does no damage.
The adder barely misses you.
You hit the adder but do no damage.
The adder is almost dead.
The adder bites you but does no damage. The iguana bites you.
You punch the adder!
You kill the adder!
The iguana bites you but does no damage.
You barely miss the iguana. You punch the iguana.
The iguana is heavily wounded.
The iguana bites you!
* * * LOW HITPOINT WARNING * * *
You hit the iguana.
The iguana is severely wounded.
The iguana bites you!
You die...

......#....########
##†..##'#####....##
##...##....##.....#
##....#.....#.....#
#....#.....'.....#
######....##..####
# #....##..####.##
#....#....#....+
#....#...lh†...# .
####+##..####.## ##
#..# ## #.... #....
#.... #..... .#..


You could see an iguana.

Vanquished Creatures
  An ogre (D:5)
  A hound (D:5)
  3 adders
  A ribbon worm (D:3)
  A dart slug (D:4)
  An orc (D:3)
  3 bats
  9 endoplasms
  4 giant cockroaches
  8 goblins
  8 hobgoblins
  6 jackals
  6 quokkas
  A frilled lizard (D:3)
  A kobold (D:2)
  6 rats
60 creatures vanquished.

Notes
Turn   | Place    | Note
-------+----------+-------------------------------------------
     0 | D:1      | jjjjhere the Demonspawn Shapeshifter began the quest for
                  | the Orb.
     0 | D:1      | Reached XP level 1. HP: 15/15 MP: 1/1
    10 | D:1      | Found a faded altar of an unknown god.
   308 | D:1      | HP: 3/15 [hobgoblin (2)]
   313 | D:1      | HP: 1/15 [hobgoblin (3)]
   315 | D:1      | Gained mutation: Your movements are slightly less
                  | encumbered by armour. (ER -2) [demonic ancestry]
   315 | D:1      | Reached XP level 2. HP: 2/21 MP: 2/2
   468 | D:1      | HP: 5/21 [jackal (3)]
   476 | D:1      | HP: 3/21 [bat (1)]
   955 | D:2      | Reached XP level 3. HP: 24/26 MP: 3/3
  1272 | D:2      | Found a hazy altar of Hepliaklqana.
  1920 | D:3      | Reached XP level 4. HP: 20/32 MP: 4/4
  1970 | D:3      | Found Jidei's Jewellery Emporium.
  2273 | D:3      | You fall into a shaft and drop 2 floors!
  2273 | D:5      | Entered Level 5 of the Dungeon
  2275 | D:5      | Noticed an ogre
  2300 | D:5      | Killed an ogre
  2301 | D:5      | Gained mutation: You regenerate a little health from kills.
                  | [demonic ancestry]
  2301 | D:5      | Reached XP level 5. HP: 37/37 MP: 5/5
  2452 | D:4      | HP: 9/37 [iguana (7)]
  2453 | D:4      | Slain by an iguana

Illustrated notes

Levels and vault maps discovered:
D:1:      heliophobic_arrival_ceremonial_halls, layout_rooms, serial_curves,
          eino_curves_02, eino_curves_04, hellmonk_ecumenical_altar_run_dry
D:2:      layout_loops_corners, basic_altar, minmay_goblin_kobold_house
D:3:      layout_loops_corners, serial_shops, shop
D:4:      layout_gridville, uniq_ijyb
D:5:      layout_cave_pools, minmay_temple_entry_junction, uniq_edmund

Skill      XL: |  1  2  3  4 |
---------------+-------------+-----
Unarmed Combat | 3 4 |  4.5
Shapeshifting  | 3 4 |  4.2
Fighting       | |  1.0
Dodging        | |  1.7

Action                     |  1- 3 |  4- 6 || total
---------------------------+-------+-------++-------
  Melee: Unarmed           |   154 |    53 ||   207
         Punch             |     5 |     1 ||     6
  Throw: Stone             |     6 |     6 ||    12
  Evoke: Wand              |       |     1 ||     1
    Use: Potion            |       |     1 ||     1
 Armour: Animal skin       |    70 |       ||    70
         Chain mail        |       |    25 ||    25
         Skin              |       |    12 ||    12
  Dodge: Dodged            |    93 |    21 ||   114

Table legend: (Time is in decaauts)
 A = Elapsed time spent in this place.
 B = Non-inter-level travel time spent in this place.
 C = Inter-level travel time spent in this place.
 D = Time resting spent in this place.
 E = Time spent auto-exploring this place.
 F = Levels seen in this place.
 G = Mean time per level.
                   A        B        C        D        E       F      G
               +--------+--------+--------+--------+--------+-----+--------+
         Total |   2439 |   2362 |     77 |    449 |   1436 |   5 |  487.8 |
       Dungeon |   2439 |   2362 |     77 |    449 |   1436 |   5 |  487.8 |
               +--------+--------+--------+--------+--------+-----+--------+

Top non-repeatable levels by time:
     D:2: 881 daAuts
     D:1: 880 daAuts
     D:3: 501 daAuts
     D:4: 99 daAuts
     D:5: 77 daAuts
